 Dungeon Crawl Stone Soup version 0.31.0-9-g3a7656b989 (webtiles) character file.

Game seed: 13827286499120221129

11 qw the Shooter (level 2, 0/14 HPs)
             Began as a Spriggan Hunter on Feb 2, 2024.
             Succumbed to their own poison gas
             ... on level 1 of the Dungeon.
             The game lasted 00:00:01 (550 turns).

qw the Shooter (Spriggan Hunter)                     Turns: 550, Time: 00:00:01

Health: 0/14       AC:  6    Str:  7    XL:     2   Next: 13%
Magic:  3/3        EV: 19    Int: 10    God:
Gold:   592        SH:  0    Dex: 18    Spells: 1/1 levels left

rFire   . . .        a - +0 shortbow
rCold   . . .        (shield currently unavailable)
rNeg    . . .        c - +0 robe
rPois   .            (helmet restricted)
rElec   .            (no cloak)
rCorr   .            (gloves unavailable)
SInv    +            (boots unavailable)
Will    .....        (no amulet)
Stlth   ++           d - +4 ring of protection
HPRegen 0.22/turn    (no ring)
MPRegen 0.08/turn

%: no passive effects
@: lethally poisoned (0 -> -4), very quick
A: very small, no large weapons, unfitting armour, see invisible, speed 3
a: no special abilities


You were on level 1 of the Dungeon.
You visited 1 branch of the dungeon, and saw 1 of its levels.

You collected 592 gold pieces.


Innate Abilities, Weirdness & Mutations

You are very small and have problems with some larger weapons.
You are too small for most types of armour.
You have supernaturally acute eyesight. (SInv)
You cover ground extremely quickly. (Speed+++)


   Skills:
 - Level 1.5 Fighting
 - Level 4.0 Ranged Weapons
 + Level 3.9 Dodging
 - Level 1.5 Stealth


You had one spell level left.
You didn't know any spells.
Your spell library was empty.

Inventory:

Hand Weapons
 a - a +0 shortbow (weapon)
Armour
 c - a +0 robe (worn)
Jewellery
 d - a +4 ring of protection (left hand)

Dungeon Overview and Level Annotations

Branches:
Dungeon (1/15)

Altars:


Message History

Done exploring.
540 ||| READING scroll labelled FAOFEMME SUPP.
This is a scroll of acquirement!
540 ||| ACQUIRING 545 gold pieces Something appears at your feet!
You now have 592 gold pieces (gained 545).
Done exploring.
542 ||| DROPPING scroll of butterflies.
You drop a scroll of butterflies.
Done exploring.
543 ||| DROPPING potion of ambrosia.
You drop a potion of ambrosia.
Done exploring.
544 ||| DROPPING potion of invisibility.
You drop a potion of invisibility.
Done exploring.
What level of the Dungeon? (default 1, ? - help) Sorry, I don't know how to get there.
Enter note:
Enter note:
Enter note:
Enter note:
Enter note:
Enter note:
Enter note:
Enter note:
Enter note: You are engulfed in poison gas.
You are poisoned.
You feel sick.
546 ||| Stepping ~*~*~tactically~*~*~ (cloud).
You feel sick.
Things that are here:
a potion of invisibility; a potion of ambrosia; a scroll of butterflies
There is a lethal amount of poison in your body!
You feel sick.
There is a lethal amount of poison in your body!
You feel sick.
There is a lethal amount of poison in your body!
You feel sick.
There is a lethal amount of poison in your body!
You die...

#.......#.#.# #########...#
##..## ### ####### #...# ..##
##### #00¤00# #..##
#.%#####...# #¤0¤¤¤# #..#
...........# #.0.¤¤# ###..#
.###...##..###00¤0¤######....#
.#.##..##.00.00.@0.00¤00#.#.##
.##.##..#.#######..¤0¤¤0#[>.#
..##....#.# #¤00¤000#..##
.%.#...##.# #¤0¤00¤.#..#
.....%###.# #¤¤0¤00....#
.##..###..# #0000¤.¤..##
.######...#######00.0¤00..#
......)..........¤¤¤0¤¤0..#
#..#..###########........##


There were no monsters in sight!

Vanquished Creatures
  2 endoplasms (D:1)
  A giant cockroach (D:1)
  A bat (D:1)
  4 frilled lizards (D:1)
  2 kobolds (D:1)
  3 rats (D:1)
13 creatures vanquished.

Notes
Turn   | Place    | Note
-------+----------+-------------------------------------------
     0 | D:1      | qw the Spriggan Hunter began the quest for the Orb.
     0 | D:1      | Reached XP level 1. HP: 10/10 MP: 2/2
     0 | D:1      | 0 ||| qw: Version: 0.3-a-155-g5e7d8dd
     0 | D:1      | 0 ||| qw: Game counter: 2160
     0 | D:1      | 0 ||| qw: Melee chars always use a shield: true
     0 | D:1      | 0 ||| qw: God list: Okawaru
     0 | D:1      | 0 ||| qw: Allow faded altars: false
     0 | D:1      | 0 ||| qw: Do Orc after clearing Dungeon:15 true
     0 | D:1      | 0 ||| qw: Do second Lair branch before Depths: true
     0 | D:1      | 0 ||| qw: Lair rune preference: random
     0 | D:1      | 0 ||| qw: Goals: Normal
     0 | D:1      | 0 ||| PLANNING D:1-11
    75 | D:1      | Reached skill level 3 in Dodging
   418 | D:1      | Reached XP level 2. HP: 14/14 MP: 3/3
   536 | D:1      | 536 ||| UPGRADING to +4 ring of protection.
   537 | D:1      | 537 ||| READING 2 scrolls labelled YNYEDEU BOKKA.
   537 | D:1      | 537 ||| IDENTIFYING emerald potion
   538 | D:1      | 538 ||| READING scroll of identify.
   538 | D:1      | 538 ||| IDENTIFYING grey potion
   539 | D:1      | 539 ||| READING scroll labelled NOUTZI DUMETTI.
   540 | D:1      | 540 ||| READING scroll labelled FAOFEMME SUPP.
   540 | D:1      | Identified a scroll of acquirement
   540 | D:1      | 540 ||| ACQUIRING 545 gold pieces
   540 | D:1      | Acquired 545 gold pieces
   542 | D:1      | 542 ||| DROPPING scroll of butterflies.
   543 | D:1      | 543 ||| DROPPING potion of ambrosia.
   544 | D:1      | 544 ||| DROPPING potion of invisibility.
   546 | D:1      | 546 ||| Stepping ~*~*~tactically~*~*~ (cloud).
   548 | D:1      | HP: 3/14 [poisoned by you (poison gas)]
   549 | D:1      | HP: 1/14 [poisoned by you (poison gas)]
   550 | D:1      | Succumbed to their own poison gas

Levels and vault maps discovered:
D:1:      lightli_arrival_windingriver, layout_basic, minmay_cupped

Skill      XL: |  1 |
---------------+----+-----
Dodging        | 3 |  3.9
Fighting       | |  1.5
Ranged Weapons | |  4.0
Stealth        | |  1.5

Action                     || total
---------------------------++-------
   Fire: Shortbow          ||    28
    Use: Scroll            ||     4
 Armour: Robe              ||     1
  Dodge: Dodged            ||     2

Table legend:
 A = Non-vault XP
 B = Vault XP
 C = Vault XP percentage of total XP
 D = Non-vault monster count
 E = Vault monster count
 F = Vault count percentage of total count
                 A         B        C        D         E       F
            +---------+---------+-------+---------+---------+-------
      Total |      11 |       5 |  31.2 |       9 |       4 |  30.8
            +---------+---------+-------+---------+---------+-------
        D:1 |      11 |       5 |  31.2 |       9 |       4 |  30.8
            +---------+---------+-------+---------+---------+-------
